 Dungeon Crawl Stone Soup version 0.29-a0-598-gd8304a5bf4 (webtiles) character file.

Game seed: 17662539171776581369

706 avis the Chiller (level 7, 0/58 HPs)
             Began as a Demigod Ice Elementalist on June 16, 2022.
             Shot with an arrow by a centaur (8 damage)
             ... on level 6 of the Dungeon.
             The game lasted 00:28:49 (5748 turns).

avis the Chiller (Demigod Ice Elementalist)         Turns: 5748, Time: 00:28:50

Health: 0/58       AC:  7    Str:  9    XL:     7   Next: 16%
Magic:  25/25      EV: 12    Int: 17    God:
Gold:   214        SH:  0    Dex: 22    Spells: 10/14 levels left

rFire   + . .      SeeInvis .   b - +0 shortbow
rCold   . . .      Faith    .   (shield currently unavailable)
rNeg    + . .      Spirit   .   v - +3 leather armour {rN+}
rPois   .          Reflect  .   (no helmet)
rElec   .          Harm     .   (no cloak)
rCorr   .          Rampage  .   I - +0 pair of gloves
Will    .....                   (no boots)
Stlth   ++........              (no amulet)
HPRegen 0.19/turn               f - ring of protection from fire
MPRegen 0.19/turn               G - ring of magical power

@: no status effects
A: high MP 1, forlorn, divine attributes
a: no special abilities


You were on level 6 of the Dungeon.
You visited 1 branch of the dungeon, and saw 6 of its levels.

You collected 214 gold pieces.

Inventory:

Hand Weapons
 a - a +2 whip of freezing
 b - a +0 shortbow (weapon)
 w - a +2 hunting sling of freezing
 D - a +0 hunting sling
 H - a +2 flail of protection
Missiles
 m - 7 javelins
 u - 4 boomerangs
 y - 3 silver javelins
Armour
 d - a +0 robe
 v - a +3 leather armour of positive energy (worn)
 I - a +0 pair of gloves (worn)
Magical Staves
 x - a staff of death
 A - a staff of conjuration
Jewellery
 f - a ring of protection from fire (left hand)
 o - a ring of resist corrosion
 B - a ring of flight
 E - a ring of willpower
 G - a ring of magical power (right hand)
Wands
 p - a wand of digging (4)
 F - a wand of paralysis (5)
Scrolls
 g - 2 scrolls of teleportation {unknown}
 j - a scroll of amnesia {unknown}
 n - a scroll of magic mapping {unknown}
 q - a scroll of vulnerability {unknown}
 s - a scroll of torment {unknown}
 t - 3 scrolls of identify {unknown}
 C - a scroll of fog {unknown}
 J - a scroll of enchant armour {unknown}
Potions
 c - 3 potions of flight {unknown}
 e - a potion of might {unknown}
 h - 4 potions of curing {unknown}
 i - a potion of cancellation {unknown}
 k - 3 potions of magic
 l - a potion of invisibility {unknown}
 r - 4 potions of ambrosia {unknown}
 z - a potion of heal wounds {unknown}
 K - 2 potions of resistance {unknown}


   Skills:
 * Level 3.7 Fighting
 - Level 2.0 Dodging
 - Level 2.0 Stealth
 - Level 4.0 Spellcasting
 - Level 6.0 Ice Magic


You had 10 spell levels left.
You knew the following spells:

 Your Spells              Type           Power      Damage    Failure   Level
a - Freeze                Ice            92%        1d10      1%          1
o - Ozocubu's Armour      Ice            23%        N/A       5%          3

Your spell library contained the following spells:

 Spells                   Type           Power      Damage    Failure   Level
 Frozen Ramparts          Ice            46%        1d6       5%          3
 Apportation              Tloc           6%         N/A       22%         1
 Sandblast                Erth           6%         2d5       22%         1
 Passwall                 Tmut/Erth      2%         N/A       32%         2
 Static Discharge         Conj/Air       3%         N/A       32%         2
 Stone Arrow              Conj/Erth      6%         3d7       54%         3
 Hailstorm                Conj/Ice       13%        3d5       54%         4
 Anguish                  Hex/Necr       1%         N/A       91%         4
 Dispel Undead            Necr           3%         3d7       91%         4
 Sticky Flame             Conj/Fire      3%         2d3       91%         4
 Alistair's Intoxication  Tmut/Pois      2%         N/A       99%         5
 Haunt                    Necr/Summ      1%         N/A       100%        7
 Storm Form               Tmut/Air       1%         N/A       100%        7


Dungeon Overview and Level Annotations

Branches:
Dungeon (6/15)
 Temple: D:4-7

Shops:
D:4 ?


Innate Abilities, Weirdness & Mutations

You have an increased reservoir of magic. (+10% MP)
You shall have no god before yourself.
Your divine heritage dramatically boosts your attributes as you level up.


Message History

Shoot: b) +0 shortbow
Press: ? - help, Q - select action, (/) - cycle Shift-Dir - straight line, f/p - centaur
Aim: a centaur, wielding a +0 shortbow (74% to hit)
You shoot an arrow. The arrow hits the centaur!
The centaur is moderately wounded.
The centaur shoots an arrow.
The arrow barely misses you.
The orc barely misses you. x2; The centaur shoots an arrow.
The arrow barely misses you.
Shoot: b) +0 shortbow
Press: ? - help, Q - select action, (/) - cycle Shift-Dir - straight line, f/p - centaur
Aim: a centaur, wielding a +0 shortbow (moderately wounded, 74% to hit)
You shoot an arrow. The arrow hits the centaur.
The centaur is heavily wounded.
The orc hits you but does no damage.
The centaur shoots an arrow.
The arrow hits you!
Shoot: b) +0 shortbow
Press: ? - help, Q - select action, (/) - cycle Shift-Dir - straight line, f/p - centaur
Aim: a centaur, wielding a +0 shortbow (heavily wounded, 74% to hit)
You shoot an arrow. The arrow barely misses the centaur.
The centaur shoots an arrow.
The arrow hits you. The orc closely misses you.
The centaur shoots an arrow.
The arrow hits you. The orc closely misses you.
Shoot: b) +0 shortbow
Press: ? - help, Q - select action, (/) - cycle Shift-Dir - straight line, f/p - centaur
Aim: a centaur, wielding a +0 shortbow (heavily wounded, 74% to hit)
You shoot an arrow. The arrow hits the centaur.
The centaur is severely wounded.
The centaur shoots an arrow.
The arrow hits you.
The centaur shoots an arrow.
The arrow hits you!
* * * LOW HITPOINT WARNING * * *
The orc hits you but does no damage.
Shoot: b) +0 shortbow
Press: ? - help, Q - select action, (/) - cycle Shift-Dir - straight line, f/p - centaur
Aim: a centaur, wielding a +0 shortbow (severely wounded, 74% to hit)
You shoot an arrow. The arrow hits the centaur.
The centaur is almost dead.
The centaur shoots an arrow.
The arrow hits you!
* * * LOW HITPOINT WARNING * * *
The orc hits you but does no damage.
The centaur shoots an arrow.
The arrow hits you!
You die...

###.#####
....c...#
#@# #o#
#o# #o#
#<# #..#
#.## #).
#..


You could see a centaur and 3 orcs.

Vanquished Creatures
  A centaur (D:5)
  2 necrophages
  2 orc priests
  4 hounds
  Jessica (D:3)
  Terence (D:2)
  3 iguanas (D:5)
  An orc wizard (D:3)
  5 adders
  An ufetubus (D:5)
  A worm (D:2)
  7 dart slugs
  17 orcs
  4 ball pythons
  8 endoplasms
  6 giant cockroaches
  4 hobgoblins
  3 jackals (D:2)
  6 kobolds
  4 quokkas
  6 bats
  7 frilled lizards
  8 goblins
  5 rats
107 creatures vanquished.

Notes
Turn   | Place    | Note
-------+----------+-------------------------------------------
     0 | D:1      | avis the Demigod Ice Elementalist began the quest for the
                  | Orb.
     0 | D:1      | Reached XP level 1. HP: 14/14 MP: 5/5
   144 | D:1      | Reached skill level 4 in Ice Magic
   399 | D:1      | Got Ywodott's Tome of Doomed Shape Shifting
   467 | D:1      | Reached XP level 2. HP: 20/20 MP: 4/7
  1029 | D:2      | Reached XP level 3. HP: 26/26 MP: 2/8
  1083 | D:2      | Learned a level 3 spell: Ozocubu's Armour
  2049 | D:3      | Noticed Jessica
  2049 | D:3      | Noticed Terence
  2052 | D:3      | Reached skill level 5 in Ice Magic
  2215 | D:2      | Killed Terence
  2216 | D:2      | Reached XP level 4. HP: 9/33 MP: 1/10
  2438 | D:3      | Killed Jessica
  2976 | D:3      | Reached XP level 5. HP: 30/38 MP: 4/12
  3347 | D:3      | Reached skill level 6 in Ice Magic
  3679 | D:4      | Reached XP level 6. HP: 24/44 MP: 6/14
  4006 | D:4      | Found Xanosm's Magic Scroll Shop.
  4528 | D:5      | Entered Level 5 of the Dungeon
  4883 | D:5      | Reached skill level 1 in Fighting
  5484 | D:5      | Reached XP level 7. HP: 57/57 MP: 16/16
  5748 | D:6      | Shot with an arrow by a centaur

Illustrated notes

Levels and vault maps discovered:
D:1:      minmay_arrival_glassed_features, layout_loops_ring,
          chequers_serial_rivers_small_a, serial_bayou_pond_c
D:2:      layout_basic
D:3:      layout_rooms, grunt_dithmenos_smoke_and_mirrors,
          mainiacjoe_overflow_alcove_1, zin_statuary, minmay_tree_intersection,
          minmay_joined_circles, uniq_jessica, uniq_terence
D:4:      layout_cave_pools, mainiacjoe_overflow_small_starburst, serial_shops,
          shop_statue, kennysheep_flooded_box, chequers_big_river
D:5:      layout_gridville
D:6:      layout_loops_ring, minmay_temple_entry_antechambers,
          uniq_crazy_yiuf_cottage, uniq_duvessa, uniq_sigmund,
          uniq_prince_ribbit1

Skill      XL: |  1  2  3  4  5  6 |
---------------+-------------------+-----
Ice Magic      | 4 5 6 |  6.0
Spellcasting   | 2 3 4 |  4.0
Fighting       | 3 |  3.7
Dodging        | 2 |  2.0
Stealth        | 2 |  2.0

Action                   |  1- 3 |  4- 6 |  7- 9 || total
-------------------------+-------+-------+-------++-------
Melee: Whip              |       |    73 |       ||    73
       Punch             |       |     1 |       ||     1
 Fire: Hunting sling     |       |    92 |     8 ||   100
       Shortbow          |       |       |     8 ||     8
 Cast: Freeze            |    70 |    46 |     1 ||   117
       Ozocubu's Armour  |     1 |    15 |     1 ||    17
Armor: Robe              |     6 |     9 |       ||    15
       Leather armour    |       |    39 |     7 ||    46
Dodge: Dodged            |    26 |    77 |    12 ||   115

Table legend: (Time is in decaauts)
 A = Elapsed time spent in this place.
 B = Non-inter-level travel time spent in this place.
 C = Inter-level travel time spent in this place.
 D = Time resting spent in this place.
 E = Time spent auto-exploring this place.
 F = Levels seen in this place.
 G = Mean time per level.
                   A        B        C        D        E       F      G
               +--------+--------+--------+--------+--------+-----+--------+
         Total |   5834 |   5387 |    447 |   1913 |   2480 |   6 |  972.3 |
       Dungeon |   5834 |   5387 |    447 |   1913 |   2480 |   6 |  972.3 |
               +--------+--------+--------+--------+--------+-----+--------+

Top non-repeatable levels by time:
     D:2: 1426 daAuts
     D:3: 1331 daAuts
     D:5: 1154 daAuts
     D:1: 1011 daAuts
     D:4: 895 daAuts
     D:6: 15 daAuts
